 Dungeon Crawl Stone Soup version 0.25-a0-523-g9afb2ee040 (webtiles) character file.

Game seed: 5981856949874421814, levelgen mode: deterministic

2694 Flugslaktarn the Cleaver (level 9, 38/81 HPs)
             Began as a Deep Dwarf Fighter on Feb 18, 2020.
             Was a Believer of Makhleb.
             Quit the game on level 7 of the Dungeon.
             The game lasted 00:03:44 (3278 turns).

Flugslaktarn the Cleaver (Deep Dwarf Fighter)       Turns: 3278, Time: 00:03:45

Health: 38/81      AC: 10    Str: 25    XL:     9   Next: 38%
Magic:  9/9        EV:  5    Int:  9    God:    Makhleb [**....]
Gold:   224        SH: 11    Dex: 12    Spells: 8/8 levels left

rFire    + . .     SeeInvis .   a - +1 war axe
rCold    . . .     Gourm    .   c - +0 kite shield
rNeg     . . .     Faith    .   C - +0 plate armour
rPois    .         Spirit   .   b - +0 helmet
rElec    .         Reflect  .   g - +0 cloak
rCorr    .         Harm     .   (no gloves)
MR       +....                  (no boots)
Stlth    ..........             (no amulet)
HPRegen  0.00/turn              (no ring)
MPRegen  0.11/turn              (no ring)

@: non-regenerating
A: damage resistance, heal wounds, deformed body, fire resistance 1, sense
surroundings 2, strong 1, no regeneration
a: Heal Wounds, Minor Destruction, Renounce Religion


You were on level 7 of the Dungeon.
You worshipped Makhleb.
Makhleb was pleased with you.
You were not hungry.

You visited 2 branches of the dungeon, and saw 8 of its levels.
You also visited: Sewer.

You collected 224 gold pieces.

Inventory:

Hand Weapons
 a - a +1 war axe (weapon)
Armour
 b - a +0 helmet (worn)
   (You found it on level 7 of the Dungeon)
 c - a +0 kite shield (worn)
 g - a +0 cloak (worn)
   (You found it on level 5 of the Dungeon)
 k - a scarf of resistance
   (You found it on level 3 of the Dungeon)
 C - a +0 plate armour (worn)
   (You took it off an orc warrior on level 7 of the Dungeon)
Jewellery
 y - an uncursed ring of fire
   (You found it on level 6 of the Dungeon)
 E - an uncursed ring of ice
   (You found it on level 6 of the Dungeon)
Wands
 h - a wand of enslavement (10)
   (You found it on level 6 of the Dungeon)
 u - a wand of paralysis (7)
   (You found it on level 5 of the Dungeon)
 B - a wand of iceblast (9)
   (You found it on level 6 of the Dungeon)
Scrolls
 t - 2 scrolls of teleportation
 w - a scroll of remove curse
 D - 2 scrolls of fear
Potions
 d - a potion of might
 i - 3 potions of heal wounds
 j - 3 potions of lignification
 l - 2 potions of flight
 n - a potion of resistance
 o - a potion of brilliance
 q - a potion of curing
 z - a potion of magic {unknown}
 G - a potion of stabbing {unknown}
Comestibles
 e - 8 rations


   Skills:
 + Level 5.6 Fighting
 * Level 8.7 Axes
 + Level 6.8 Armour
 + Level 6.6 Shields
 + Level 5.6 Invocations


You had 8 spell levels left.
You didn't know any spells.
Your spell library was empty.

Dungeon Overview and Level Annotations

Branches:
Dungeon (7/15)             Temple (1/1) D:4           Sewer (visited)

Altars:
Ashenzari
Cheibriados
Dithmenos
Elyvilon
Gozag
Hepliaklqana
Kikubaaqudgha
Makhleb
Nemelex Xobeh
Okawaru
Ru
Sif Muna
Trog
Uskayaw
Vehumet
Wu Jian
Xom
Yredelemnul
Zin
The Shining One

Shops:
D:6 %


Innate Abilities, Weirdness & Mutations

You are resistant to damage.
You can heal yourself by infusing magical energy.
You passively map the area around you.
You do not regenerate.
Armour fits poorly on your strangely shaped body.
Your flesh is heat resistant. (rF+)
Your muscles are strong. (Str +2)


Message History

Are you sure you want to cancel this blink?
Okay, then.
As you read the scroll labeled JOAVVESHREREL, it crumbles to dust.
It was a scroll of blinking.
As you read the scroll labeled ERAQYPR HAPS, it crumbles to dust.
It is a scroll of enchant weapon.
Your +0 war axe glows red for a moment.
As you read the scroll labeled IRUDEW PYGHA, it crumbles to dust.
You feel blessed for a moment.
It was a scroll of remove curse.
w - a scroll of remove curse;
i - 3 potions of heal wounds Unknown command.
As you read the scroll labeled NEZIC SUTYEKO, it crumbles to dust.
The air around you briefly surges with heat, but it dissipates.
It was a scroll of immolation.
Unknown command.
As you read the scroll labeled TOIBBONOLU, it crumbles to dust.
You hear a voice calling someone else's name.
It was a scroll of random uselessness.
Unknown command.
Are you sure you want to abandon this character and quit the game? (Confirm with "yes".)

## * #..#.##....# #.# ...
...#.......####.# ....,
#..#.........##.#
.....##.^#......##.##.# * *
*#..<..##.....##.##.###...#
#.##..#....#.##.##.....(.#####
# #..##.#§§§§#.##............
*#.....#..§§#§.............. *
#>....#.§§@§§..............
#......#.#.§####.......##### ,
#......#.#§### #)......#
*,#......#.#.....#.)))...#
#.#....#.#.......)([...#
,#..#####.#.....#...(...# ,*
,###*.....#.#####+###...#####
* *.#####........##.(...... **
* *### #....##.###....


There were no monsters in sight!

Vanquished Creatures
  Harold (D:7)
  Joseph (D:7)
  A hungry ghost (D:7)
  An orc warrior (D:7)
  A sky beast (D:6)
  2 ogres
  2 centaurs
  2 big kobolds
  A bullfrog (D:7)
  5 wights (D:6)
  A howler monkey (D:5)
  A centaur zombie (D:6)
  3 crimson imps
  A jelly (D:5)
  2 orc priests
  A bullfrog skeleton (D:6)
  An orc wizard (D:5)
  An iguana (D:7)
  3 worker ants
  A hound skeleton (D:6)
  2 gnolls (D:6)
  8 adders
  A river rat (Sewer)
  An ooze (D:2)
  2 adder zombies
  3 adder skeletons
  A worm (D:4)
  A dart slug (D:3)
  3 leopard geckos
  15 orcs
  4 giant cockroaches
  4 goblins
  4 hobgoblins
  5 jackals
  16 kobolds
  4 quokkas
  A ball python (D:3)
  3 bats
  8 frilled lizards
  A jackal skeleton (D:4)
  A leopard gecko skeleton (D:5)
  9 rats
129 creatures vanquished.

Notes
Turn   | Place    | Note
-------+----------+-------------------------------------------
     0 | D:1      | Flugslaktarn the Deep Dwarf Fighter began the quest for the
                  | Orb.
     0 | D:1      | Reached XP level 1. HP: 20/20 MP: 1/1
   141 | D:1      | Reached XP level 2. HP: 24/27 MP: 2/2
   296 | D:2      | Found a sparkling altar of Nemelex Xobeh.
   303 | D:2      | Reached skill level 3 in Axes
   304 | D:2      | Reached XP level 3. HP: 22/33 MP: 3/3
   421 | D:3      | Reached XP level 4. HP: 35/42 MP: 3/3
   530 | D:3      | Found a glowing silver altar of Zin.
   595 | D:3      | Found a glowing drain.
   615 | Sewer    | Entered a sewer
   622 | Sewer    | Reached skill level 4 in Axes
   676 | Sewer    | Noticed a big kobold
   701 | Sewer    | Killed a big kobold
   701 | Sewer    | Reached XP level 5. HP: 43/49 MP: 4/4
   721 | Sewer    | Found a white marble altar of Elyvilon.
  1045 | D:4      | Found a staircase to the Ecumenical Temple.
  1052 | D:4      | Noticed an ogre
  1061 | D:4      | Killed an ogre
  1061 | D:4      | Reached XP level 6. HP: 32/57 MP: 5/5
  1068 | Temple   | Entered the Ecumenical Temple
  1188 | Temple   | Became a worshipper of Makhleb the Destroyer
  1268 | D:4      | Reached skill level 5 in Axes
  1472 | D:5      | Entered Level 5 of the Dungeon
  1744 | D:5      | Reached skill level 1 in Invocations
  1871 | D:5      | Reached XP level 7. HP: 29/64 MP: 5/7
  1873 | D:5      | Reached skill level 5 in Armour
  1873 | D:5      | Reached skill level 5 in Shields
  2321 | D:6      | Found a glowing golden altar of the Shining One.
  2327 | D:6      | Reached * piety under Makhleb
  2367 | D:6      | Found Katrupt's Food Shop.
  2376 | D:6      | Reached skill level 6 in Axes
  2482 | D:6      | Reached XP level 8. HP: 24/73 MP: 9/9
  2620 | D:6      | Found a hazy altar of Hepliaklqana.
  2803 | D:7      | Reached skill level 7 in Axes
  2868 | D:7      | Noticed Harold
  2904 | D:7      | Gained mutation: Armour fits poorly on your strangely
                  | shaped body. [potion of mutation]
  2904 | D:7      | Gained mutation: You possess an exceptional clarity of
                  | mind. [potion of mutation]
  2904 | D:7      | Gained mutation: Scrolls take you a little longer to read.
                  | [potion of mutation]
  2904 | D:7      | Gained mutation: Your mind is acute. (Int +2) [potion of
                  | mutation]
  2910 | D:7      | Killed Harold
  2910 | D:7      | Reached ** piety under Makhleb
  2910 | D:7      | Reached skill level 5 in Fighting
  2910 | D:7      | Reached skill level 8 in Axes
  2910 | D:7      | Reached skill level 5 in Invocations
  2910 | D:7      | Gained mutation: You passively map the area around you.
                  | [Deep Dwarf growth]
  2910 | D:7      | Reached XP level 9. HP: 43/81 MP: 8/8
  3008 | D:7      | Noticed Joseph
  3031 | D:7      | Killed Joseph
  3269 | D:7      | Lost mutation: Scrolls take you a little longer to read.
                  | [potion of mutation]
  3269 | D:7      | Lost mutation: You possess an exceptional clarity of mind.
                  | [potion of mutation]
  3269 | D:7      | Lost mutation: Your mind is acute. (Int +2) [potion of
                  | mutation]
  3269 | D:7      | Gained mutation: Your muscles are strong. (Str +2) [potion
                  | of mutation]
  3269 | D:7      | Gained mutation: Your flesh is heat resistant. (rF+)
                  | [potion of mutation]
  3278 | D:7      | Quit the game

Levels and vault maps discovered:
D:1:      nzn_arrival_settlement, layout_loops_ring
D:2:      layout_basic, nemelex_xobeh_ov_fountains_minmay
D:3:      layout_loops_ring, lemuel_round_altar, portal_sewer_entry_d,
          uniq_terence
D:4:      layout_basic, minmay_temple_entry_water_ring, first_ration
D:5:      layout_basic, serial_corexii_hall, chequers_hall_statues_wall_a,
          chequers_hall_statues_y
D:6:      layout_rooms, nicolae_tso_carved_into_rock, kennysheep_mini,
          serial_shops, nicolae_shop_stone, kennysheep_generic_room_6
D:7:      layout_basic, old_standard_altar, serial_co_window_serial,
          co_window_paths_a, co_window_of_opportunity_a, co_window_paths_b,
          co_window_corner_a, co_window_corner_a, co_window_corner_b,
          co_window_cross_3, co_window_paths_c, co_window_4corner_a,
          co_window_sun, glass_columns_a, uniq_harold, uniq_joseph,
          uniq_prince_ribbit1
Temple:   lightli_temple_of_artemis

Skill      XL: |  1  2  3  4  5  6  7  8 |
---------------+-------------------------+-----
Axes           | 3 4 5 6 8 |  8.7
Fighting       | 3 4 5 |  5.6
Armour         | 4 5 6 |  6.8
Shields        | 4 5 6 |  6.6
Invocations    | 1 3 5 |  5.6

Action                   |  1- 3 |  4- 6 |  7- 9 || total
-------------------------+-------+-------+-------++-------
Melee: War axe           |   114 |   214 |   238 ||   566
 Abil: Heal Wounds       |     1 |     6 |    15 ||    22
  Use: Potion            |       |       |     5 ||     5
       Scroll            |       |       |    14 ||    14
  Eat: Chunk             |       |     4 |     5 ||     9
       Ration            |       |       |     3 ||     3
Armor: Scale mail        |    52 |    93 |    75 ||   220
       Plate armour      |       |       |    76 ||    76
       Skin              |       |       |    18 ||    18
Dodge: Dodged            |    38 |    69 |    70 ||   177
Block: Kite shield       |    69 |   133 |   164 ||   366

Table legend:
 A = Non-vault XP
 B = Vault XP
 C = Vault XP percentage of total XP
 D = Non-vault monster count
 E = Vault monster count
 F = Vault count percentage of total count
                 A         B        C        D         E       F
            +---------+---------+-------+---------+---------+-------
      Total |    2252 |    1597 |  41.5 |     112 |      17 |  13.2
            +---------+---------+-------+---------+---------+-------
        D:1 |      26 |       0 |   0.0 |      17 |       0 |   0.0
        D:2 |      26 |       0 |   0.0 |      12 |       0 |   0.0
        D:3 |     118 |      14 |  10.6 |      27 |       1 |   3.6
        D:4 |     173 |       0 |   0.0 |       7 |       0 |   0.0
        D:5 |     453 |       0 |   0.0 |      13 |       0 |   0.0
        D:6 |     612 |      29 |   4.5 |      18 |       2 |  10.0
        D:7 |     844 |    1426 |  62.8 |      18 |       2 |  10.0
      Sewer |       0 |     128 | 100.0 |       0 |      12 | 100.0
            +---------+---------+-------+---------+---------+-------
